 Dungeon Crawl Stone Soup version 0.18-b1-20-g17449fe (webtiles) character file.

11625 LORDOFBUTT the Grappler (level 11, -4/109 HPs)
             Began as a Troll Berserker on May 3, 2016.
             Was a High Priest of Trog.
             Slain by a 12-headed hydra (5 damage)
             ... on level 2 of the Lair of Beasts.
             The game lasted 00:15:08 (7366 turns).

LORDOFBUTT the Grappler (Troll Berserker)           Turns: 7366, Time: 00:15:08

Health: -4/109     AC:  8    Str: 30    XL:     11   Next: 51%
Magic:  10/10      EV: 12    Int:  4    God:    Trog [*****.]
Gold:   626        SH:  4    Dex:  9    Spells: 0 memorised, 10 levels left

rFire  + . .     SeeInvis .       - Unarmed
rCold  + . .     Gourm    +     a - +1 animal skin
rNeg   . . .     Faith    .     (no shield)
rPois  +         Spirit   .     (helmet restricted)
rElec  .         Dismiss  .     (no cloak)
rCorr  .         Reflect  +     (gloves unavailable)
SustAt .         Harm     .     (boots unavailable)
MR     .....                    t - +4 amulet of reflection
Stlth  +.........               w - +3 ring of strength
                                r - ring of poison resistance

@: not resistant to hostile enchantments, very unstealthy
A: unfitting armour, claws 3, slimy green scales 1, blurry vision 1, clumsy 1,
cold resistance 1, fire resistance 1, fast metabolism 3, gourmand, regeneration
2, shaggy fur 1, tough skin 2
a: Berserk, Trog's Hand, Brothers in Arms, Burn Spellbooks, Renounce Religion


You were on level 2 of the Lair of Beasts.
You worshipped Trog.
Trog was extremely pleased with you.
You were not hungry.

You visited 2 branches of the dungeon, and saw 12 of its levels.
You also visited: Sewer.

You collected 626 gold pieces.

Inventory:

Missiles
 e - 5 steel javelins (quivered)
Armour
 a - a +1 animal skin (worn)
Jewellery
 r - a ring of poison resistance (left claw)
 t - a +4 amulet of reflection (around neck)
 w - a +3 ring of strength (right claw)
 x - an uncursed amulet of harm {unknown}
 B - an uncursed ring of loudness
Wands
 E - a wand of digging (12/24)
 I - a wand of flame (27/48)
Scrolls
 c - 2 scrolls of magic mapping
 d - 4 scrolls of blinking
 j - 9 scrolls of teleportation
 k - 3 scrolls of identify
 l - a scroll of enchant weapon {unknown}
 v - 2 scrolls of recharging
 y - a scroll of silence {unknown}
 A - a scroll of vulnerability {unknown}
 C - 2 scrolls of remove curse
 F - a scroll of summoning {unknown}
Potions
 i - 4 potions of curing
 n - 2 potions of might
 o - a potion of cancellation
 p - 2 potions of lignification
 q - a potion of haste {unknown}
 u - a potion of berserk rage
 z - 2 potions of degeneration
 D - a potion of flight {unknown}
 H - a potion of heal wounds {unknown}
Books
 G - a book of Summonings

   Spells                             Type                      Level
   a - Recall                         Summoning/Translocation      3
   b - Aura of Abjuration             Summoning                    5
   c - Summon Demon                   Summoning                    5
   d - Summon Forest                  Summoning/Translocation      5
   e - Summon Mana Viper              Hexes/Summoning              5
   f - Shadow Creatures               Summoning                    6
   Trog disapproves of the use of such an item.
Comestibles
 b - 9 bread rations
 f - 8 fruits
 g - 6 meat rations
 h - 3 royal jellies
 m - 2 slices of pizza
 s - 2 beef jerkies


   Skills:
 + Level 7.1 Fighting
 + Level 7.5 Dodging
 - Level 0.4 Stealth
 - Level 14.0 Unarmed Combat


You had 10 spell levels left.
You didn't know any spells.

Dungeon Overview and Level Annotations

Branches:
Dungeon (10/15)            Temple (0/1) D:6            Lair (2/8) D:9
    Orc: D:9-12

Altars:
Ashenzari
Dithmenos
Elyvilon
Fedhas
Gozag
Kikubaaqudgha
Makhleb
Nemelex Xobeh
Okawaru
Pakellas
Qazlal
Ru
Xom
Zin


Innate Abilities, Weirdness & Mutations

You are too large for most types of armour.
You have claws for hands.
Your metabolism is lightning-fast.
You like to eat raw meat.
You heal very quickly.
You are covered in fur (AC +1).
You have very tough skin (AC +2).
You are partially covered in slimy green scales (AC +2).
Scrolls take you a little longer to read.
You are clumsy. (Dex -2)
Your flesh is cold resistant.
Your flesh is heat resistant.


Message History

The komodo dragon barely misses you. The sheep bites you.
Unknown command.
You tear one of the 11-headed hydra's heads off!
The ten-headed hydra grows two more!
You claw the 12-headed hydra! You claw the 12-headed hydra!!
The 12-headed hydra is almost dead.
The 12-headed hydra bites you! x2
* * * LOW HITPOINT WARNING * * *
The 12-headed hydra bites you.
* * * LOW HITPOINT WARNING * * *
You block the 12-headed hydra's attack.
The 12-headed hydra bites you but does no damage.
The 12-headed hydra bites you!
* * * LOW HITPOINT WARNING * * *
The 12-headed hydra bites you!
* * * LOW HITPOINT WARNING * * *
The 12-headed hydra bites you!
* * * LOW HITPOINT WARNING * * *
The 12-headed hydra misses you. The 12-headed hydra bites you.
You die... ....$. #....# #..... #.... #..Y. #Y.Y# # #YDY#

.# ##Yl@# ### .. #.
#....## ...# #.#+ #.
##....#..# ..... #.
##.......# ...... #.
#....#............##.
###...#..<...#...8..#.
#............ #......†
#....##....#. .#.....†
##.†..##.#..##..#......


You could see a 12-headed hydra, a komodo dragon and 6 sheep.

Vanquished Creatures
  Erica (D:9)
  The ghost of Orthose the Grappler, a novice MiMo (D:8)
  A hill giant (D:7)
  The ghost of heiberg the Covered, a novice MiFi of the Shining One (D:5)
  Pikel (D:5)
  Joseph (D:8)
  2 spiny frogs
  A troll (D:9)
  Grinder (D:5)
  A slime creature (Lair:1)
  A two-headed ogre (D:8)
  5 blink frogs (Lair:1)
  Prince Ribbit (D:5)
  Sigmund (D:2)
  3 yaks (D:9)
  2 basilisks
  A hippogriff (Lair:2)
  A hungry ghost (D:9)
  Menkaure (D:6)
  2 water moccasins (Lair:1)
  An orc warrior (D:7)
  A slave (D:5)
  6 ice beasts
  3 porcupines
  4 sky beasts
  2 ogres (D:7)
  2 centaurs
  5 crocodiles
  A big kobold (D:9)
  Blork the orc (D:4)
  6 giant frogs
  A gnoll sergeant (D:7)
  2 scorpions (D:7)
  6 killer bees (D:9)
  3 howler monkeys (D:9)
  3 wights (D:9)
  5 crimson imps
  2 hounds (D:8)
  A centaur zombie (D:8)
  4 jellies
  5 orc priests
  2 quasits
  2 centaur skeletons (D:8)
  Crazy Yiuf (D:3)
  A giant frog skeleton (D:8)
  An iguana (D:8)
  4 worker ants
  Natasha (thrice) (D:3)
  7 orc wizards
  A killer bee zombie (D:6)
  A sheep (Lair:2)
  A hound zombie (D:5)
  Robin (D:4)
  2 howler monkey skeletons
  10 gnolls
  5 adders
  10 river rats (Lair:2)
  3 shadow imps
  13 oozes (Lair:1)
  7 worms
  4 dart slugs
  7 giant geckos
  26 orcs
  5 bats
  11 giant cockroaches
  14 hobgoblins
  4 jackals (D:5)
  7 quokkas
  4 ball pythons
  2 giant gecko skeletons
  12 giant newts
  15 goblins
  12 kobolds
  10 rats
301 creatures vanquished.

Vanquished Creatures (others)
  A jelly (D:5)
  7 fungi (Lair:1)
  A plant (Lair:1)
9 creatures vanquished.

Grand Total: 310 creatures vanquished

Notes
Turn   | Place    | Note
--------------------------------------------------------------
     0 | D:1      | LORDOFBUTT the Troll Berserker began the quest for the Orb.
     0 | D:1      | Reached XP level 1. HP: 22/22 MP: 0/0
   125 | D:1      | Reached XP level 2. HP: 29/29 MP: 1/1
   393 | D:1      | Reached ** piety under Trog
   490 | D:1      | Reached XP level 3. HP: 34/36 MP: 2/2
  1372 | D:2      | Found an opulent altar of Gozag.
  1373 | D:2      | Found a sparkling altar of Nemelex Xobeh.
  1373 | D:2      | Noticed Sigmund
  1382 | D:2      | Killed Sigmund
  1382 | D:2      | Reached skill level 4 in Unarmed Combat
  1382 | D:2      | Reached XP level 4. HP: 19/45 MP: 3/3
  1382 | D:2      | Reached XP level 5. HP: 23/53 MP: 4/4
  1546 | D:3      | Noticed Natasha
  1565 | D:3      | Killed Natasha
  1573 | D:3      | Reached XP level 6. HP: 23/61 MP: 5/5
  1590 | D:3      | Noticed Natasha
  1597 | D:3      | Killed Natasha
  1606 | D:3      | Noticed Natasha
  1610 | D:3      | Killed Natasha
  1610 | D:3      | Reached skill level 5 in Unarmed Combat
  1850 | D:3      | Reached *** piety under Trog
  1941 | D:3      | Noticed Crazy Yiuf
  1949 | D:3      | Killed Crazy Yiuf
  2271 | D:4      | Reached skill level 6 in Unarmed Combat
  2395 | D:4      | Noticed Robin
  2412 | D:4      | Killed Robin
  2413 | D:4      | Received a gift from Trog
  2427 | D:4      | Reached XP level 7. HP: 49/67 MP: 6/6
  2503 | D:4      | Noticed Blork the orc
  2511 | D:4      | Killed Blork the orc
  2728 | D:5      | Entered Level 5 of the Dungeon
  2773 | D:5      | Noticed Grinder
  2781 | D:5      | Killed Grinder
  2781 | D:5      | Reached skill level 7 in Unarmed Combat
  2786 | D:5      | Reached skill level 8 in Unarmed Combat
  2816 | D:5      | Noticed Pikel
  2834 | D:5      | Killed Pikel
  2834 | D:5      | Reached skill level 9 in Unarmed Combat
  2834 | D:5      | Reached XP level 8. HP: 25/75 MP: 7/7
  3122 | D:5      | Noticed Prince Ribbit
  3138 | D:5      | Killed Prince Ribbit
  3138 | D:5      | Reached skill level 10 in Unarmed Combat
  3194 | D:5      | Noticed heiberg's ghost (novice MiFi)
  3209 | D:5      | Killed heiberg's ghost
  3209 | D:5      | Reached skill level 11 in Unarmed Combat
  3209 | D:5      | Reached XP level 9. HP: 23/83 MP: 8/8
  3288 | D:5      | Reached **** piety under Trog
  3768 | D:6      | Found a staircase to the Ecumenical Temple.
  3934 | D:6      | Noticed Menkaure
  3945 | D:6      | Killed Menkaure
  3945 | D:6      | Reached skill level 12 in Unarmed Combat
  4063 | D:6      | Found a glowing drain.
  4098 | Sewer    | Entered a sewer
  4154 | Sewer    | Reached ***** piety under Trog
  4811 | D:7      | Reached skill level 13 in Unarmed Combat
  4995 | D:7      | Noticed a hill giant
  5002 | D:7      | Killed a hill giant
  5002 | D:7      | Reached XP level 10. HP: 70/91 MP: 9/9
  5297 | D:8      | Noticed Orthose's ghost (novice MiMo)
  5315 | D:8      | Killed Orthose's ghost
  5315 | D:8      | Reached skill level 14 in Unarmed Combat
  5402 | D:8      | Found an oddly glowing altar of Pakellas.
  5461 | D:8      | Found a stormy altar of Qazlal.
  5505 | D:8      | Found a shadowy altar of Dithmenos.
  5669 | D:8      | Noticed Joseph
  5677 | D:8      | Killed Joseph
  5677 | D:8      | Received a gift from Trog
  5788 | D:8      | Found a blossoming altar of Fedhas.
  5855 | D:9      | Found a staircase to the Lair.
  5871 | D:9      | Reached skill level 5 in Dodging
  6024 | D:9      | Found an ancient bone altar of Kikubaaqudgha.
  6025 | D:9      | Found an iron altar of Okawaru.
  6026 | D:9      | Found a shimmering altar of Xom.
  6026 | D:9      | Found a burning altar of Makhleb.
  6029 | D:9      | Noticed Erica
  6029 | D:9      | Found a glowing silver altar of Zin.
  6029 | D:9      | Found a white marble altar of Elyvilon.
  6029 | D:9      | Found a sacrificial altar of Ru.
  6034 | D:9      | Killed Erica
  6034 | D:9      | Reached skill level 5 in Fighting
  6044 | D:9      | Found a shattered altar of Ashenzari.
  6062 | D:9      | Gained mutation: You are robust (+10% HP). [mutagenic meat]
  6063 | D:9      | Gained mutation: You are partially covered in slimy green scales (AC +2). [mutagenic meat]
  6064 | D:9      | Gained mutation: You occasionally shout uncontrollably at your foes. [mutagenic meat]
  6065 | D:9      | Gained mutation: Your flesh is cold resistant. [mutagenic meat]
  6066 | D:9      | Gained mutation: Scrolls take you a little longer to read. [mutagenic meat]
  6067 | D:9      | Lost mutation: You occasionally shout uncontrollably at your foes. [mutagenic meat]
  6130 | D:9      | Reached XP level 11. HP: 114/114 MP: 10/10
  6199 | D:9      | Gained mutation: You are clumsy. (Dex -2) [potion of mutation]
  6199 | D:9      | Gained mutation: Your flesh is heat resistant. [potion of mutation]
  6199 | D:9      | Lost mutation: You are robust (+10% HP). [potion of mutation]
  6431 | D:10     | Entered Level 10 of the Dungeon
  6458 | Lair:1   | Entered Level 1 of the Lair of Beasts
  7357 | Lair:2   | Noticed a seven-headed hydra
  7366 | Lair:2   | HP: 1/109 [12-headed hydra (8)]
  7366 | Lair:2   | Slain by a 12-headed hydra

Skill      XL: |  1  2  3  4  5  6  7  8  9 10 11 |
---------------+----------------------------------+-----
Dodging        | 4 6 7 |  7.5
Fighting       | 3 5 7 |  7.1
Unarmed Combat | 4 6 9 11 13 14 | 14.0
Stealth        | |  0.4

Action                   |  1- 3 |  4- 6 |  7- 9 | 10-12 || total
-------------------------+-------+-------+-------+-------++-------
Melee: Unarmed           |   121 |   134 |   290 |   321 ||   866
       Punch             |     1 |     4 |     9 |    24 ||    38
Invok: Berserk           |       |       |     1 |     3 ||     4
  Use: Scroll            |       |    10 |     1 |     6 ||    17
       Potion            |       |       |       |     2 ||     2
 Stab: Distracted        |       |     1 |       |       ||     1
       Sleeping          |       |       |     1 |       ||     1
  Eat: Chunk             |    17 |     7 |    28 |    20 ||    72
       Fruit             |       |       |       |     9 ||     9
Armor: Animal skin       |    50 |    60 |    73 |    80 ||   263
Dodge: Dodged            |    79 |    91 |   137 |   174 ||   481
Block: Other             |       |       |    33 |    54 ||    87
       Reflection        |       |       |     1 |     2 ||     3
